 Dungeon Crawl Stone Soup version 0.23.2-33-g5129a83184 (webtiles) character file.

Game seed: 9255586937335874911

912 Pizzadoos the Conjurer (level 8, -3/46 HPs)
             Began as a Tengu Conjurer on June 29, 2019.
             Was an Initiate of Makhleb.
             Slain by a centaur (7 damage)
             ... on level 6 of the Dungeon on July 13, 2019.
             The game lasted 00:22:05 (5485 turns).

Pizzadoos the Conjurer (Tengu Conjurer)             Turns: 5485, Time: 00:22:05

Health: -3/46      AC:  3    Str: 14    XL:     8   Next: 9%
Magic:  14/23      EV: 14    Int: 18    God:    Makhleb [......]
Gold:   317        SH:  0    Dex: 14    Spells: 9/14 levels left

rFire    . . .     SeeInvis .   i - +0 short sword
rCold    . . .     Gourm    .   (no shield)
rNeg     . . .     Faith    .   m - +0 leather armour
rPois    .         Spirit   .   (helmet restricted)
rElec    .         Reflect  .   (no cloak)
rCorr    .         Harm     .   (no gloves)
MR       .....                  (boots unavailable)
Stlth    ++........             l - amulet of magic regeneration
HPRegen  0.15/turn              q - ring of magical power
MPRegen  0.43/turn              f - +5 ring of strength

@: very slightly contaminated
A: beak, talons 3, able to fly
a: Fly, Renounce Religion


You were on level 6 of the Dungeon.
You worshipped Makhleb.
Makhleb was noncommittal.
You were very hungry.

You visited 2 branches of the dungeon, and saw 7 of its levels.

You collected 317 gold pieces.

Inventory:

Hand Weapons
 i - a +0 short sword (weapon)
Missiles
 B - 9 poisoned needles
 C - 7 needles of sleeping
Armour
 m - a +0 leather armour (worn)
Jewellery
 b - an uncursed ring of poison resistance
 f - a +5 ring of strength (right hand)
 g - an uncursed ring of positive energy
 l - an amulet of magic regeneration (around neck)
 o - an uncursed ring of resist corrosion
 q - a ring of magical power (left hand)
 y - a +3 ring of strength
Wands
 x - a wand of polymorph (2)
Scrolls
 c - a scroll of enchant armour {unknown}
 h - 2 scrolls of magic mapping {unknown}
 k - 3 scrolls of remove curse
 n - 3 scrolls of teleportation {unknown}
 u - a scroll of noise {unknown}
 z - a scroll of vulnerability {unknown}
Potions
 a - a potion of agility {unknown}
 d - 2 potions of lignification {unknown}
 e - 2 potions of haste {unknown}
 j - a potion of brilliance {unknown}
 p - 2 potions of resistance {unknown}
 r - a potion of heal wounds {unknown}
 s - a potion of invisibility {unknown}
 v - a potion of curing {unknown}
 w - a potion of might
 A - a potion of mutation {unknown}
Comestibles
 t - 7 rations


   Skills:
 + Level 3.3 Fighting
 + Level 3.5 Short Blades
 + Level 4.4 Dodging
 + Level 4.2 Stealth
 + Level 3.8 Spellcasting
 + Level 7.4 Conjurations


You had 9 spell levels left.
You knew the following spells:

 Your Spells              Type           Power        Failure   Level  Hunger
a - Magic Dart            Conj           ####         1%          1    None
b - Iskenderun's Mystic   Conj           ####....     9%          4    ####...

Your spell library contained the following spells:

 Spells                   Type           Power        Failure   Level  Hunger
 Searing Ray              Conj           ####..       1%          2    ##.....
 Shock                    Conj/Air       ###.         4%          1    None
 Throw Frost              Conj/Ice       ###...       6%          2    ##.....
 Dazzling Spray           Conj/Hex       ###...       12%         3    ###....
 Static Discharge         Conj/Air       ###.....     12%         3    ###....
 Confusing Touch          Hex            #.....       19%         1    None
 Freeze                   Ice            #...         19%         1    None
 Swiftness                Chrm/Air       #.......     28%         2    ##.....
 Force Lance              Conj/Tloc      ###.....     38%         4    ####...
 Fulminant Prism          Conj/Hex       ###.......   38%         4    ####...
 Throw Icicle             Conj/Ice       ###.....     38%         4    ####...
 Confuse                  Hex            #.......     50%         3    ###....
 Gell's Gravitas          Tloc           #.........   50%         3    ###....
 Ozocubu's Armour         Chrm/Ice       #.......     50%         3    ###....
 Lightning Bolt           Conj/Air       ###.......   75%         5    ######.
 Airstrike                Air            #.........   88%         4    ####...
 Petrify                  Tmut/Erth      #.......     88%         4    ####...
 Summon Ice Beast         Ice/Summ       #.......     88%         4    ####...
 Metabolic Englaciation   Hex/Ice        #.........   99%         5    ######.
 Yara's Violent Unravell  Hex/Tmut       #.........   99%         5    ######.


Dungeon Overview and Level Annotations

Branches:
Dungeon (6/15)             Temple (1/1) D:5

Altars:
Makhleb
Xom


Innate Abilities, Weirdness & Mutations

You have a beak for a mouth.
You have claws for feet.
You can fly continuously.


Message History

The centaur shoots an arrow.
The arrow misses you.
The centaur shoots an arrow.
The arrow hits you!
* * * LOW HITPOINT WARNING * * *
You see here an arrow.
The centaur shoots an arrow.
The arrow misses you.
You hit the centaur but do no damage. You peck the centaur.
The centaur is heavily wounded.
The centaur unwields a +0 shortbow.
The centaur hits you!
* * * LOW HITPOINT WARNING * * *
Casting: Iskenderun's Mystic Blast (safe; 9% risk of failure)
Confirm with . or Enter, or press ? or * to list all spells.
Aiming: Iskenderun's Mystic Blast (safe; 9% risk of failure)
Press: ? - help, Shift-Dir - straight line, f/p - centaur
Aim: a centaur (heavily wounded)
You miscast Iskenderun's Mystic Blast.
You are very lightly contaminated with residual magic.
The air around you crackles with energy!
You are feeling very hungry.
The centaur hits you!
You die...

...#......#
...##.....#. #.
...##....... #.#
...........## #.#
.........#..###.####
...................#
...................#
...................#
.......[........@c.#
...............(...#
...................#
.#...........(.....#
.#.........(.......#
.#...._....(.......#
.#.......###..#.####
.#.......# ##...#
##.......# #...#


You could see a centaur.

Vanquished Creatures
  A sky beast (D:5)
  An ogre (D:3)
  Blork the orc (D:5)
  A howler monkey (D:5)
  A crimson imp (D:5)
  A jelly (D:5)
  2 bullfrog skeletons
  3 hounds
  An orc priest (D:5)
  Natasha (twice) (D:2)
  3 orc wizards (D:5)
  4 worker ants
  3 gnolls (D:4)
  4 adders
  A shadow imp (D:5)
  2 worms (D:4)
  3 dart slugs
  6 leopard geckos
  11 orcs
  2 giant cockroaches
  10 goblins
  3 hobgoblins (D:1)
  4 jackals (D:3)
  5 kobolds
  2 quokkas (D:2)
  A ball python (D:1)
  A ball python skeleton (D:5)
  5 bats
  3 frilled lizards (D:1)
  6 rats
93 creatures vanquished.

Notes
Turn   | Place    | Note
-------+----------+-------------------------------------------
     0 | D:1      | Pizzadoos the Tengu Conjurer began the quest for the Orb.
     0 | D:1      | Reached XP level 1. HP: 10/10 MP: 4/4
    95 | D:1      | Reached XP level 2. HP: 7/15 MP: 1/6
   548 | D:1      | Reached XP level 3. HP: 20/20 MP: 5/7
   910 | D:2      | Reached skill level 1 in Short Blades
   920 | D:2      | Noticed Natasha
   924 | D:2      | Killed Natasha
   924 | D:2      | Reached skill level 1 in Fighting
   924 | D:2      | Reached skill level 6 in Conjurations
   924 | D:2      | Reached XP level 4. HP: 14/25 MP: 4/8
  1060 | D:2      | You fall through a shaft for 2 floors!
  1233 | D:4      | Gained mutation: You can fly continuously. [Tengu growth]
  1233 | D:4      | Reached XP level 5. HP: 22/29 MP: 7/9
  1441 | D:2      | Noticed Natasha
  1446 | D:2      | Killed Natasha
  2455 | D:3      | Reached XP level 6. HP: 35/35 MP: 11/11
  3488 | D:5      | Entered Level 5 of the Dungeon
  3488 | D:5      | Noticed Blork the orc
  3708 | D:5      | Reached XP level 7. HP: 33/40 MP: 12/12
  3740 | D:5      | Found a staircase to the Ecumenical Temple.
  4112 | D:5      | Found a burning altar of Makhleb.
  4121 | D:5      | Became a worshipper of Makhleb the Destroyer
  4224 | D:5      | Reached skill level 7 in Conjurations
  4458 | D:5      | Learned a level 4 spell: Iskenderun's Mystic Blast
  4730 | Temple   | Entered the Ecumenical Temple
  4974 | D:5      | Killed Blork the orc
  4974 | D:5      | Reached XP level 8. HP: 46/46 MP: 11/14
  5455 | D:6      | Found a shimmering altar of Xom.
  5485 | D:6      | Slain by a centaur

Skill      XL: |  1  2  3  4  5  6  7 |
---------------+----------------------+-----
Short Blades   | 1 2 3 |  3.5
Fighting       | 1 2 3 |  3.3
Conjurations   | 6 7 |  7.4
Dodging        | 3 4 |  4.4
Stealth        | 3 4 |  4.2
Spellcasting   | 3 |  3.8

Action                   |  1- 3 |  4- 6 |  7- 9 || total
-------------------------+-------+-------+-------++-------
Melee: Unarmed           |     4 |       |       ||     4
       Peck              |     2 |     4 |     5 ||    11
       Short sword       |     3 |    37 |    26 ||    66
       Kick              |     1 |     9 |     4 ||    14
 Cast: Magic Dart        |    52 |    97 |    75 ||   224
       Iskenderun's Myst |       |       |    14 ||    14
  Use: Scroll            |       |     3 |     1 ||     4
 Stab: Sleeping          |       |     3 |       ||     3
  Eat: Chunk             |     1 |     4 |     5 ||    10
       Ration            |       |     1 |     1 ||     2
Armor: Robe              |     2 |       |       ||     2
       Leather armour    |       |    15 |    10 ||    25
       Skin              |       |       |     2 ||     2
Dodge: Dodged            |     6 |    32 |    42 ||    80
